 Dungeon Crawl Stone Soup version 0.29.1-4-g47bece8355 (webtiles) character file.

Game seed: 2396658260651924182

611 hawla the Chiller (level 8, -3/59 HPs)
             Began as a Meteoran Ice Elementalist on Dec 6, 2022.
             Was an Initiate of Jiyva.
             Slain by a phantom (6 damage)
             ... on level 4 of the Dungeon.
             The game lasted 00:08:40 (852 turns).

hawla the Chiller (Meteoran Ice Elementalist)        Turns: 852, Time: 00:08:41

Health: -3/59      AC:  2    Str: 10    XL:     8   Next: 3%
Magic:  15/18      EV: 13    Int: 19    God:    Jiyva [......]
Gold:   33         SH:  0    Dex: 14    Spells: 12/20 levels left

rFire   + . .      SeeInvis .   (no weapon)
rCold   + . .      Faith    .   (no shield)
rNeg    . . .      Spirit   .   a - +0 robe
rPois   +          Reflect  .   (no helmet)
rElec   +          Harm     .   (no cloak)
rCorr   +          Rampage  .   (no gloves)
Will    +....                   (no boots)
Stlth   +.........              (no amulet)
HPRegen 0.19/turn               (no ring)
MPRegen 0.16/turn               (no ring)

@: about to teleport, resistant, flying, glowing
A: sense surroundings 1, otherworldly, glowing, explore regen
a: Renounce Religion


You were on level 4 of the Dungeon.
You worshipped Jiyva.
Jiyva was noncommittal.
You visited 1 branch of the dungeon, and saw 4 of its levels.
You also visited: Sewer.

You collected 33 gold pieces.

Inventory:

Armour
 a - a +0 robe (worn)
Jewellery
 d - a ring of see invisible
Scrolls
 h - 2 scrolls of identify
Potions
 b - a potion of magic
 g - a potion of might {unknown}


   Skills:
 - Level 1.1 Fighting
 - Level 3.5 Dodging
 - Level 1.4 Stealth
 - Level 6.6 Spellcasting
 + Level 7.3 Ice Magic


You had 12 spell levels left.
You knew the following spells:

 Your Spells              Type           Power      Damage    Failure   Level
a - Freeze                Ice            100%       1d11      1%          1
b - Frozen Ramparts       Ice            68%        1d11      1%          3
c - Hailstorm             Conj/Ice       20%        3d6       24%         4

Your spell library contained the following spells:

 Spells                   Type           Power      Damage    Failure   Level
 Ozocubu's Armour         Ice            34%        N/A       1%          3


Dungeon Overview and Level Annotations

Branches:
Dungeon (4/15) Zot: 1766    Sewer (visited)
 Temple: D:4-7

Altars:
Kikubaaqudgha


Innate Abilities, Weirdness & Mutations

You passively map a small area around you.
You are easily found by Zot.
You glow in the dark.
You regain HP and MP as you explore.


Message History

The phantom is lightly damaged.
The phantom hits you.
You closely miss the phantom.
The phantom is lightly damaged.
The phantom hits you.
The phantom blinks!
You blink.
You hit the phantom.
The phantom is lightly damaged.
The phantom barely misses you.
You hit the phantom.
The phantom is lightly damaged.
The phantom closely misses you.
You closely miss the phantom.
The phantom is lightly damaged.
The phantom hits you.
The phantom blinks!
You blink.
You hit the phantom but do no damage.
The phantom is lightly damaged.
The phantom hits you.
The phantom blinks!
You blink.
You miss the phantom.
The phantom is lightly damaged.
You hear a slurping noise.
The phantom hits you.
You hit the phantom but do no damage.
The phantom is lightly damaged.
The phantom hits you.
* * * LOW HITPOINT WARNING * * *
You hit the phantom.
The phantom is lightly damaged.
The phantom hits you.
* * * LOW HITPOINT WARNING * * *
As you read the scroll labelled ORHOSO MINT, it crumbles to dust.
You feel strangely unstable.
It was a scroll of teleportation.
The phantom closely misses you.
It was a potion of flight.
You feel very buoyant.
You fly up into the air.
The phantom hits you!
* * * LOW HITPOINT WARNING * * *
It was a potion of resistance.
You feel protected. The phantom hits you.
You die...

, * , ##+##
##...##
##.....## * *
##.......## ,
#.@.......# *
, , *,,,
+..W......+ *
#.........# ,
* ,
##.......## *
*
######.<.J.##
* ,
,#.........##
#.######..# *
* , .>.# * *
** #..#* ,


You could see a phantom and a neutral jelly (wandering) (fellow slime).

Vanquished Creatures
  Sigmund (D:4)
  A yak (D:4)
  A howler monkey (D:4)
  2 jellies (Sewer)
  An orc priest (D:3)
  3 orc wizards (D:3)
  A gnoll (D:2)
  3 adders
  2 worms
  2 dart slugs
  5 orcs (D:3)
  13 endoplasms
  4 giant cockroaches
  2 hobgoblins
  3 kobolds
  3 quokkas (D:3)
  7 ball pythons
  5 bats
  4 frilled lizards
  2 goblins (D:3)
  4 rats
69 creatures vanquished.

Vanquished Creatures (others)
  A river rat (Sewer)
  An endoplasm (D:4)
  A giant cockroach (Sewer)
  A frilled lizard (Sewer)
4 creatures vanquished.

Grand Total: 73 creatures vanquished

Notes
Turn   | Place    | Note
-------+----------+-------------------------------------------
     0 | D:1      | hawla the Meteoran Ice Elementalist began the quest for the
                  | Orb.
     0 | D:1      | Reached XP level 1. HP: 14/14 MP: 5/5
    28 | D:1      | Found a faded altar of an unknown god.
    88 | D:2      | Reached XP level 2. HP: 16/20 MP: 3/6
   113 | D:2      | Reached skill level 5 in Ice Magic
   113 | D:2      | Reached XP level 3. HP: 18/26 MP: 0/8
   155 | D:2      | Learned a level 3 spell: Frozen Ramparts
   198 | D:3      | Found an ancient bone altar of Kikubaaqudgha.
   235 | D:4      | Noticed a howler monkey
   243 | D:4      | Killed a howler monkey
   244 | D:4      | Reached XP level 4. HP: 24/33 MP: 5/10
   259 | D:4      | Noticed a yak
   274 | D:4      | Noticed Sigmund
   283 | D:4      | Killed Sigmund
   284 | D:4      | Reached skill level 5 in Spellcasting
   284 | D:4      | Reached skill level 6 in Ice Magic
   284 | D:4      | Reached XP level 5. HP: 14/39 MP: 8/13
   284 | D:4      | Reached XP level 6. HP: 17/46 MP: 8/14
   316 | D:4      | Noticed a yak
   318 | D:4      | Noticed a yak
   318 | D:4      | Noticed a yak
   326 | D:4      | Killed a yak
   327 | D:4      | Reached XP level 7. HP: 9/51 MP: 8/16
   520 | D:3      | Reached skill level 1 in Fighting
   527 | D:3      | Reached skill level 7 in Ice Magic
   549 | D:3      | Found a glowing drain.
   561 | Sewer    | Entered a sewer
   678 | Sewer    | Found a viscous altar of Jiyva.
   697 | Sewer    | Became a worshipper of Jiyva Juweug the Shapeless
   802 | D:3      | Reached XP level 8. HP: 43/59 MP: 9/18
   808 | D:3      | Learned a level 4 spell: Hailstorm
   852 | D:4      | Slain by a phantom

Illustrated notes

Levels and vault maps discovered:
D:1:      psy_arrival_fountain, layout_basic,
          hellmonk_ecumenical_altar_arch_garden,
          hangedman_abyss_or_decor_lesser_grid, minmay_misc_feat_room
D:2:      layout_basic, basic_altar
D:3:      kennysheep_six_static_rooms, layout_basic,
          mainiacjoe_overflow_brackets, cheibrodos_sewer_entry_sluice
D:4:      layout_loops_corners, lemuel_tele_altar, serial_shops, shop,
          uniq_sigmund

Skill      XL: |  1  2  3  4  5  6  7 |
---------------+----------------------+-----
Ice Magic      | 5 6 7 |  7.3
Spellcasting   | 3 5 6 |  6.6
Dodging        | 3 |  3.5
Fighting       | 1 |  1.1
Stealth        | |  1.4

Action                   |  1- 3 |  4- 6 |  7- 9 || total
-------------------------+-------+-------+-------++-------
Melee: Unarmed           |     1 |     1 |    20 ||    22
 Cast: Freeze            |    25 |     6 |    36 ||    67
       Frozen Ramparts   |       |     2 |    19 ||    21
  Use: Scroll            |     1 |       |     1 ||     2
       Potion            |       |       |     3 ||     3
Armor: Robe              |     6 |     1 |    11 ||    18
Dodge: Dodged            |    15 |     3 |    39 ||    57
